 Dungeon Crawl Stone Soup version 0.30-b1-2-g02819fbbbe (webtiles) character file.

Game seed: 819406128420904879

1488 Megalobster the Cleaver (level 8, -1/64 HPs)
             Began as a Minotaur Berserker on Dec 31, 2023.
             Was a Priest of Trog.
             Slain by an ogre
             ... wielding a +0 giant club
              (14 damage)
             ... on level 6 of the Dungeon on Jan 8, 2024.
             The game lasted 00:15:57 (4084 turns).

Megalobster the Cleaver (Minotaur Berserker)        Turns: 4084, Time: 00:15:57

Health: -1/64      AC:  7    Str: 30    XL:     8   Next: 51%
Magic:  7/7        EV: 12    Int:  4    God:    Trog [***...]
Gold:   295        SH:  0    Dex: 10    Spells: 7/7 levels left

rFire   + . .        t - +0 war axe
rCold   . . .        (no shield)
rNeg    . . .        e - +0 leather armour
rPois   .            s - +1 hat
rElec   .            A - +0 cloak
rCorr   +            z - +0 pair of gloves of Meager Amelioration {rF+ Str+6 SInv}
SInv    +            h - +0 pair of boots
Will    .....        (no amulet)
Stlth   +            l - ring of resist corrosion
HPRegen 0.30/turn    (no ring)
MPRegen 0.10/turn

%: no passive effects
@: on berserk cooldown, flying, slowed, very slow
A: horns 2, retaliatory headbutt
a: Renounce Religion, Berserk, Trog's Hand


You were on level 6 of the Dungeon.
You worshipped Trog.
Trog was most pleased with you.
You visited 1 branch of the dungeon, and saw 6 of its levels.

You collected 295 gold pieces.

Inventory:

Hand Weapons
 a - a +0 hand axe
 p - the +1 hand axe of the Supporting Weasel {drain, rC+}
   (You found it on level 3 of the Dungeon)

   rC:        It protects you from cold.
 t - a +0 war axe (weapon)
Missiles
 i - 41 stones (quivered)
Armour
 b - a +0 animal skin
 e - a +0 leather armour (worn)
 f - a +0 chain mail
 h - a +0 pair of boots (worn)
 k - the +1 leather armour "Wexzuh" {Rampage Drain Str-4 Dex+7}
   (You found it on level 2 of the Dungeon)

   Str:       It affects your strength (-4).
   Dex:       It affects your dexterity (+7).
   Drain:     It drains your maximum health when unequipped.
   Rampage:   It bestows one free step when moving towards enemies.
 s - a +1 hat (worn)
 z - the +0 pair of gloves of Meager Amelioration (worn) {rF+ Str+6 SInv}
   (You found it on level 4 of the Dungeon)

   Str:       It affects your strength (+6).
   rF:        It protects you from fire.
   SInv:      It lets you see invisible.
 A - a +0 cloak (worn)
Jewellery
 l - a ring of resist corrosion (left hand)
Wands
 u - a wand of flame (31)
 y - a wand of polymorph (9)
Scrolls
 c - 8 scrolls of identify {unknown}
 j - a scroll of enchant weapon {unknown}
 m - a scroll of butterflies {unknown}
 n - 2 scrolls of blinking {unknown}
 r - a scroll of immolation {unknown}
 D - 3 scrolls of vulnerability {unknown}
Potions
 d - a potion of flight
 g - 2 potions of degeneration {unknown}
 o - a potion of invisibility {unknown}
 q - a potion of haste {unknown}
 v - 2 potions of brilliance {unknown}
 w - a potion of might {unknown}
 x - a potion of magic {unknown}
 B - 4 potions of mutation {unknown}
 C - a potion of heal wounds {unknown}
 E - a potion of berserk rage {unknown}


   Skills:
 - Level 3.6 Fighting
 * Level 12.8(12.9) Axes
 - Level 2.1(8.5) Maces & Flails
 - Level 2.4 Armour
 - Level 2.1 Dodging


You had 7 spell levels left.
You didn't know any spells.
Your spell library was empty.

Dungeon Overview and Level Annotations

Branches:
Dungeon (6/15)
 Temple: D:4-7

Altars:

Shops:
D:4 (   D:5 *


Innate Abilities, Weirdness & Mutations

You have a pair of horns on your head.
You reflexively headbutt those who attack you in melee.


Message History

An orc is nearby!
An orc is nearby!
An orc priest comes into view. It is wielding a +0 whip.
The orc shoots an arrow.
The arrow hits you but does no damage.
An orc comes into view. It is wielding a +0 short sword.
The orc shoots an arrow.
The arrow closely misses you.
The orc priest shouts!
The orc attacks as you move away! The orc closely misses you.
The orc shouts!
You hear a shout!
You see here the human corpse of Prince Ribbit.
The orc priest hits you with a +0 whip.
The orc unwields a +0 shortbow.
The orc wields a +0 club.
The orc barely misses you. The orc closely misses you.
An ogre comes into view. It is wielding a +0 giant club.
The orc priest hits you with a +0 whip. The orc barely misses you.
You barely miss the orc. x2; You slash the orc!
You kill the orc!
Trog accepts your kill.
You barely miss the orc priest. The orc barely misses you. x2
The orc priest hits you with a +0 whip.
You slash the orc!
You kill the orc!
Trog accepts your kill.
You hit the orc but do no damage. You barely miss the orc priest.
The orc hits you but does no damage. The orc priest closely misses you.
You hit the orc. Your headbutt misses the orc.
The orc is almost dead.
You barely miss the orc priest. The orc hits you with a +0 war axe.
The orc priest hits you with a +0 whip.
The ogre hits you with a +0 giant club!!
* * * LOW HITPOINT WARNING * * *
The orc closely misses you. The orc priest hits you with a +0 whip.
* * * LOW HITPOINT WARNING * * *
It was a potion of flight.
You feel very buoyant.
You fly up into the air.
The orc hits you but does no damage. The orc priest hits you with a +0 whip.
* * * LOW HITPOINT WARNING * * *
The ogre hits you with a +0 giant club!
You die...

...... ##! ..
...... .. (..
....... ##.# ....
##.....###.<#o....
#................o
#.......##.#
#..........#
#.....#Oo.#####
#...##@......#
###.#o)...##..
#........#
#....#.####.#
#.####..# .# #
##.# .. #.## ##
#..# ##.#


You could see an ogre, an orc priest and an orc.

Vanquished Creatures
  Prince Ribbit (D:6)
  Eustachio (D:4)
  2 ice beasts
  3 ogres
  A centaur (D:5)
  A bullfrog (D:5)
  2 scorpions
  An orc priest (D:4)
  3 hounds
  Crazy Yiuf (D:4)
  3 iguanas (D:5)
  Robin (D:4)
  7 gnolls (D:5)
  5 adders
  A white imp (D:5)
  A worm (D:3)
  3 dart slugs
  11 orcs
  7 ball pythons
  3 bats
  5 endoplasms
  3 giant cockroaches
  13 goblins
  8 hobgoblins
  5 jackals
  5 quokkas
  A frilled lizard (D:3)
  5 kobolds
  2 rats (D:1)
105 creatures vanquished.

Notes
Turn   | Place    | Note
-------+----------+-------------------------------------------
     0 | D:1      | Megalobster the Minotaur Berserker began the quest for the
                  | Orb.
     0 | D:1      | Reached XP level 1. HP: 19/19 MP: 0/0
    99 | D:1      | Reached skill level 1 in Maces & Flails
   137 | D:1      | Reached skill level 4 in Axes
   137 | D:1      | Reached XP level 2. HP: 23/26 MP: 1/1
   651 | D:2      | Found a faded altar of an unknown god.
   701 | D:2      | Identified the +1 leather armour "Wexzuh" {Rampage Drain
                  | Str-4 Dex+7}
   752 | D:2      | Reached ** piety under Trog
   753 | D:2      | Reached XP level 3. HP: 27/31 MP: 2/2
  1007 | D:2      | Reached skill level 5 in Axes
  1007 | D:2      | Reached XP level 4. HP: 30/39 MP: 3/3
  1666 | D:3      | Reached skill level 6 in Axes
  1936 | D:3      | Identified the +1 hand axe of the Supporting Weasel {drain,
                  | rC+}
  2164 | D:4      | Noticed Robin
  2171 | D:4      | Killed Robin
  2175 | D:4      | Reached XP level 5. HP: 45/45 MP: 4/4
  2266 | D:4      | Reached skill level 7 in Axes
  2398 | D:4      | Noticed an ogre
  2518 | D:4      | Noticed an ogre
  2533 | D:4      | Killed an ogre
  2534 | D:4      | Reached XP level 6. HP: 51/51 MP: 5/5
  2566 | D:4      | Reached skill level 8 in Axes
  2706 | D:4      | Found Ixew Qeli's Antique Weapon Shop.
  2726 | D:4      | Identified the +0 pair of gloves of Meager Amelioration
                  | {rF+ Str+6 SInv}
  2726 | D:4      | Noticed Eustachio
  2736 | D:4      | Killed Eustachio
  2737 | D:4      | Reached skill level 9 in Axes
  2737 | D:4      | Reached XP level 7. HP: 57/57 MP: 6/6
  2809 | D:4      | Found a runed translucent door.
  2810 | D:4      | Noticed Crazy Yiuf
  2822 | D:4      | Killed Crazy Yiuf
  3264 | D:5      | Entered Level 5 of the Dungeon
  3322 | D:5      | Reached skill level 10 in Axes
  3376 | D:5      | Reached *** piety under Trog
  3524 | D:5      | Reached skill level 11 in Axes
  3593 | D:5      | Reached XP level 8. HP: 64/64 MP: 7/7
  3832 | D:5      | Found Keudug's Gadget Gallery.
  4013 | D:6      | Reached skill level 12 in Axes
  4059 | D:6      | Noticed Prince Ribbit
  4069 | D:6      | Killed Prince Ribbit
  4084 | D:6      | Slain by an ogre

Illustrated notes

Levels and vault maps discovered:
D:1:      lemuel_arrival_broad_hall, layout_basic, minmay_misc_feat_plants
D:2:      layout_basic, ebering_ecumenical_altar_sacrificial
D:3:      layout_basic, kennysheep_nub
D:4:      layout_cave_pools, serial_column_ruins, column_ruins_square_medium,
          column_ruins_hut, column_ruins_grid_1, column_ruins_corridor_straight,
          column_ruins_grid_4, column_ruins_open_small, column_ruins_open_small,
          column_ruins_open_tiny, serial_shops, nicolae_shop_crystal,
          grunt_decor_cap, uniq_eustachio, uniq_robin, uniq_crazy_yiuf_cottage
D:5:      layout_rooms, nicolae_shop_gadgets
D:6:      layout_rooms, uniq_prince_ribbit1

Skill      XL: |  1  2  3  4  5  6  7  8 |
---------------+-------------------------+-----
Maces & Flails | 1 2 |  2.1
Axes           | 4 5 6 7 9 11 12 | 12.8
Fighting       | |  3.6
Armour         | |  2.4
Dodging        | |  2.1

Action                     |  1- 3 |  4- 6 |  7- 9 || total
---------------------------+-------+-------+-------++-------
  Melee: Hand axe          |    66 |    44 |       ||   110
         Headbutt          |    12 |     9 |    12 ||    33
         Punch             |     1 |       |     2 ||     3
         War axe           |       |    22 |    84 ||   106
 Invoke: Berserk           |     2 |     5 |     4 ||    11
         Trog's Hand       |       |     1 |       ||     1
    Use: Potion            |       |       |     1 ||     1
 Armour: Animal skin       |     6 |       |       ||     6
         Leather armour    |    15 |    11 |    20 ||    46
  Dodge: Dodged            |    37 |    28 |    59 ||   124
